 Dungeon Crawl Stone Soup version 0.25-a0-521-gb5d5f98535 (webtiles) character file.

Game seed: 6126693215918899783, levelgen mode: deterministic

30 Forecaster the Magician (level 3, -5/28 HPs)
             Began as a Naga Wizard on Feb 18, 2020.
             Slain by a gnoll
             ... wielding a +0 spear
              (8 damage)
             ... on level 2 of the Dungeon.
             The game lasted 00:05:01 (904 turns).

Forecaster the Magician (Naga Wizard)                Turns: 904, Time: 00:05:02

Health: -5/28      AC:  2    Str:  9    XL:     3   Next: 18%
Magic:  0/8        EV:  5    Int: 19    God:
Gold:   91         SH:  0    Dex:  9    Spells: 4/9 levels left

rFire    . . .     SeeInvis +   f - +0 dagger
rCold    . . .     Gourm    .   (no shield)
rNeg     . . .     Faith    .   m - +0 robe
rPois    +         Spirit   .   b - +0 hat
rElec    .         Reflect  .   (no cloak)
rCorr    .         Harm     .   (no gloves)
MR       .....                  (no barding)
Stlth    ++........             (no amulet)
HPRegen  0.09/turn              (no ring)
MPRegen  0.11/turn              (no ring)

@: very slightly contaminated, held, very slow
A: large, see invisible, deformed body, poison resistance, slowness 2, slow
metabolism 1, spit poison 1, AC +1
a: Spit Poison


You were on level 2 of the Dungeon.
You were not hungry.

You visited 1 branch of the dungeon, and saw 2 of its levels.

You collected 91 gold pieces.

Inventory:

Hand Weapons
 f - a +0 dagger (weapon)
 h - a +0 mace
 l - a +0 dagger
 n - a +0 short sword
Missiles
 k - 20 bolts
 s - 45 stones (quivered)
Armour
 a - a +0 robe
 b - a +0 hat (worn)
 g - a +0 leather armour
 i - a +0 robe
 m - a +0 robe (worn)
 p - a +0 ring mail
Scrolls
 e - a scroll of fog {unknown}
 o - a scroll of noise {unknown}
 r - 3 scrolls of enchant armour {unknown}
Potions
 j - a potion of heal wounds {unknown}
 q - a potion of lignification {unknown}
Comestibles
 c - 2 chunks of flesh
 d - 2 rations


   Skills:
 + Level 0.1 Fighting
 + Level 0.2 Short Blades
 + Level 1.6 Dodging
 + Level 3.2 Stealth
 + Level 3.6 Spellcasting
 + Level 1.6 Conjurations
 + Level 1.0 Summonings
 + Level 1.0 Translocations


You had 4 spell levels left.
You knew the following spells:

 Your Spells              Type           Power        Failure   Level  Hunger
a - Magic Dart            Conj           #...         8%          1    None
b - Call Imp              Summ           #.......     14%         2    ##.....
c - Blink                 Tloc           N/A          14%         2    ##.....

Your spell library contained the following spells:

 Spells                   Type           Power        Failure   Level  Hunger
 Slow                     Hex            #.......     22%         2    ##.....
 Conjure Flame            Conj/Fire      #.......     30%         3    ###....
 Mephitic Cloud           Conj/Pois/Air  #.......     34%         3    ###....


Dungeon Overview and Level Annotations

Branches:
Dungeon (2/15)

Altars:


Innate Abilities, Weirdness & Mutations

You cannot wear boots.
Your serpentine skin is tough. (AC +1)
You have supernaturally acute eyesight. (SInv)
Armour fits poorly on your strangely shaped body.
Your system is resistant to poisons. (rPois)
You cover ground very slowly.
You have a slow metabolism.
You can spit poison.


Message History

You hit the hobgoblin.
You kill the hobgoblin!
The gnoll barely misses you.
A gnoll comes into view. It is wielding a +0 spear.
The gnoll hits you but does no damage. The gnoll barely misses you.
Found a chain mail.
The gnoll shouts!
You hear a shout!
The gnoll hits you with a +0 spear. The gnoll hits you with a +0 club!
* * * LOW HITPOINT WARNING * * *
Casting: Magic Dart (safe; 8% risk of failure)
Confirm with . or Enter, or press ? or * to list all spells.
You blink.
A quokka and a hobgoblin come into view.
The gnoll throws a throwing net.
The throwing net hits you.
You become entangled in the net!
Found 10 gold pieces.
Found a stone staircase leading down.
The hobgoblin hits you with a cursed -2 club.
* * * LOW HITPOINT WARNING * * *
The gnoll hits you from afar with a +0 spear!
You die...

#.<.......
#>..
#..#####..
#... #..#
#...
#.?#### ...
##.))..#
#..
#..###.#
#.. #g..#
..
#.g#.g..###
.#
#$.@.......
#
##.#r......
#.##.....#
#. ##..[..
#. ##.#.#
#. .... #.
#.# #. ..


You could see 2 gnolls, a quokka and a hobgoblin.

Vanquished Creatures
  A leopard gecko (D:1)
  3 bats (D:1)
  A giant cockroach (D:1)
  5 hobgoblins
  2 frilled lizards (D:1)
  3 goblins (D:1)
  3 kobolds (D:1)
  2 rats (D:1)
20 creatures vanquished.

Vanquished Creatures (collateral kills)
  An adder (D:2)
  A leopard gecko (D:2)
  A hobgoblin (D:2)
3 creatures vanquished.

Grand Total: 23 creatures vanquished

Notes
Turn   | Place    | Note
-------+----------+-------------------------------------------
     0 | D:1      | Forecaster the Naga Wizard began the quest for the Orb.
     0 | D:1      | Reached XP level 1. HP: 15/15 MP: 4/4
   301 | D:1      | Reached XP level 2. HP: 22/22 MP: 1/6
   364 | D:1      | Learned a level 2 spell: Call Imp
   367 | D:1      | Learned a level 2 spell: Blink
   872 | D:2      | Reached XP level 3. HP: 17/28 MP: 0/8
   904 | D:2      | Slain by a gnoll

Levels and vault maps discovered:
D:1:      minmay_arrival_radiant_lines, layout_loops_ring
D:2:      layout_loops_ring

Action                   || total
-------------------------++-------
Melee: Dagger            ||    46
 Cast: Magic Dart        ||    34
       Call Imp          ||     2
       Blink             ||     1
 Stab: Sleeping          ||     1
Armor: Robe              ||     4
Dodge: Dodged            ||    36

Table legend:
 A = Non-vault XP
 B = Vault XP
 C = Vault XP percentage of total XP
 D = Non-vault monster count
 E = Vault monster count
 F = Vault count percentage of total count
                 A         B        C        D         E       F
            +---------+---------+-------+---------+---------+-------
      Total |      43 |       0 |   0.0 |      23 |       0 |   0.0
            +---------+---------+-------+---------+---------+-------
        D:1 |      31 |       0 |   0.0 |      19 |       0 |   0.0
        D:2 |      12 |       0 |   0.0 |       4 |       0 |   0.0
            +---------+---------+-------+---------+---------+-------
